 Dungeon Crawl Stone Soup version 0.18-a0-1800-gdc7a371 (webtiles) character file.

48987 4thArraOfDagon the Unseen (level 14, -2/60 HPs)
             Began as a Spriggan Enchanter on Apr 24, 2016.
             Was an Initiate of Gozag.
             Impaled on a porcupine's spines (10 damage)
             ... on level 5 of the Lair of Beasts.
             The game lasted 00:59:28 (8528 turns).

4thArraOfDagon the Unseen (Spriggan Enchanter)      Turns: 8528, Time: 00:59:29

Health: -2/60      AC:  6    Str:  9    XL:     14   Next: 14%
Magic:  30/33      EV: 31    Int: 20    God:    Gozag
Gold:   2706       SH:  0    Dex: 19    Spells: 7 memorised, 6 levels left

rFire  . . .     SeeInvis +     N - +3 rapier (elec)
rCold  . . .     Gourm    .     D - +2 robe {rN+}
rNeg   + . .     Faith    .     (shield restricted)
rPois  .         Spirit   .     (helmet restricted)
rElec  .         Dismiss  .     y - +0 cloak
rCorr  .         Reflect  .     (gloves unavailable)
SustAt .         Harm     .     (boots unavailable)
MR     ++...                    (no amulet)
Stlth  +++++++++.               R - ring "Zettuana" {+Blink +Fly Slay+3 SInv}
                                n - ring "Tiorhen" {MP+9 Str+5 Dex+3}

@: gold aura, very slightly contaminated, very quick, very resistant to hostile
enchantments, incredibly stealthy
A: unfitting armour, rugged brown scales 1, see invisible, clumsy 1, herbivore
3, speed 3, sense surroundings 1, slow metabolism 2
a: Potion Petition, Call Merchant, Bribe Branch, Renounce Religion, Evoke Blink,
Evoke Flight


You were on level 5 of the Lair of Beasts.
You worshipped Gozag.
Gozag was noncommittal.
You were not hungry.

You visited 2 branches of the dungeon, and saw 23 of its levels.
You also visited: Sewer.

You collected 4666 gold pieces.
You spent 787 gold pieces at shops.
You paid 1173 gold pieces to Gozag.

Inventory:

Hand Weapons
 s - a +0 blowgun
 N - a +3 rapier of electrocution (weapon)
 X - a +2 long sword of holy wrath
Missiles
 b - 5 curare-tipped needles
 Y - 2 throwing nets (quivered)
Armour
 t - a +0 robe of magic resistance
 w - a +0 troll leather armour
 y - a +0 cloak (worn)
 D - a +2 robe of positive energy (worn)
Jewellery
 a - an uncursed ring of flight
 n - the ring "Tiorhen" (left hand) {MP+9 Str+5 Dex+3}
   (You found it on level 5 of the Dungeon)

   [ring of magical power]

   It affects your strength (+5).
   It affects your dexterity (+3).
   It affects your magic capacity (+9).
 A - a +1 ring of protection
 B - a +3 ring of intelligence
 C - a +4 ring of dexterity
 R - the ring "Zettuana" (right hand) {+Blink +Fly Slay+3 SInv}
   (You found it on level 8 of the Lair of Beasts)

   [ring of flight]

   It affects your accuracy and damage with ranged weapons and melee attacks
   (+3).
   It lets you see invisible.
   It lets you fly.
   It lets you blink.
 W - a +3 ring of protection
Wands
 l - a wand of paralysis (12/24)
 z - a wand of polymorph (2/24)
 F - a wand of teleportation (9/9)
 J - a wand of confusion (31/48)
 P - a wand of random effects (15/48)
Scrolls
 c - a scroll of blinking
 k - 3 scrolls of fog
 m - 6 scrolls of remove curse
 p - 4 scrolls of fear
 r - 6 scrolls of magic mapping
 v - 2 scrolls of recharging
 x - 2 scrolls of enchant weapon
 G - 3 scrolls of enchant armour
 H - 2 scrolls of amnesia
 I - 4 scrolls of teleportation
 Q - 3 scrolls of immolation
 S - a scroll of holy word
 T - a scroll of summoning
Potions
 e - 2 potions of resistance
 f - 7 potions of curing
 g - 4 potions of cure mutation
 h - a potion of heal wounds
 i - 4 potions of brilliance
 j - 6 potions of might
 q - 4 potions of haste
 u - 4 potions of agility
 E - a potion of invisibility
 K - 2 potions of magic
 M - 3 potions of flight
 V - a potion of berserk rage
Books
 L - a Necronomicon

   Spells                             Type                      Level
   a - Haunt                          Necromancy/Summoning         7
   b - Borgnjor's Revivification      Necromancy                   8
   c - Death's Door                   Charms/Necromancy            8
   d - Necromutation                  Transmutation/Necromancy     8
 O - a book of Debilitation

   Spells                             Type                      Level
   a - Corona                         Hexes                        1
   b - Slow                           Hexes                        2
   c - Gell's Gravitas                Hexes/Translocation          3
   d - Inner Flame                    Hexes/Fire                   3
   e - Cause Fear                     Hexes                        4
   f - Leda's Liquefaction            Hexes/Earth                  4
 Z - a book of Party Tricks

   Spells                             Type                      Level
   a - Summon Butterflies             Summoning                    1
   b - Apportation                    Translocation                1
   c - Tukima's Dance                 Hexes                        3
   d - Alistair's Intoxication        Transmutation/Poison         5
   e - Invisibility                   Hexes                        6
Miscellaneous
 o - a box of beasts {used: 1}
Comestibles
 d - 7 bread rations
 U - 12 fruits


   Skills:
 * Level 15.1 Short Blades
 + Level 13.4 Dodging
 * Level 20.1 Stealth
 - Level 6.1 Spellcasting
 - Level 11.3 Hexes
 - Level 4.1 Ice Magic
 + Level 2.0 Evocations


You had 6 spell levels left.
You knew the following spells:

 Your Spells              Type           Power        Failure   Level  Hunger
a - Corona                Hex            ######.      1%          1    None
b - Ensorcelled Hibernat  Hex/Ice        #####.       1%          2    None
c - Confuse               Hex            ######..     1%          3    ##.....
d - Apportation           Tloc           #.........   12%         1    None
e - Blink                 Tloc           N/A          17%         2    None
f - Passage of Golubria   Tloc           N/A          89%         4    ####...
g - Invisibility          Hex            ######..     17%         6    #######


Dungeon Overview and Level Annotations

Branches:
Dungeon (15/15)              Lair (8/8) D:9           Swamp (0/4) Lair:3
  Slime (0/6) Lair:8       Vaults (0/5) D:13         Depths (0/5) D:15
 Temple: D:4-7        Snake: Lair:3-6    Spider: Lair:3-6       Orc: D:9-12

Altars:
Ashenzari
Cheibriados
Elyvilon
Gozag
Nemelex Xobeh
Vehumet
Xom
Yredelemnul
The Shining One
Jiyva

Shops:
D:7 :   D:10 *   D:13 !   Lair:2 [(

Annotations:
D:2 Natasha
D:5 Eustachio
D:13 4thArraOfDagon's ghost, journeyman NaFE
Lair:1 Duffy's ghost, journeyman FoNe


Innate Abilities, Weirdness & Mutations

You are tiny and cannot use many weapons and most armour.
You have supernaturally acute eyesight.
You are a herbivore.
You cover ground extremely quickly.
You need consume almost no food.
You are partially covered in rugged brown scales (AC +1, +3% HP).
You are clumsy. (Dex -2)
You passively map a small area around you.


Message History

You hit the porcupine.
The porcupine is almost dead.
The porcupine misses you.
You are struck by the porcupine's spines.
* * * LOW HITPOINT WARNING * * *
You hit the porcupine but do no damage.
The porcupine is almost dead.
You are too injured to fight recklessly!
You are too injured to fight recklessly!
You are too injured to fight recklessly!
You are too injured to fight recklessly!
Casting: Ensorcelled Hibernation
Confirm with . or Enter, or press ? or * to list all spells.
Aiming: Ensorcelled Hibernation
Press: ? - help, Shift-Dir - straight line, f/p - porcupine
Aim: a porcupine (almost dead, chance to defeat MR: 64%)
The porcupine looks drowsy...
You are struck by the porcupine's spines.
You die...
Your body crumbles into a pile of gold.

#......+.####.P####....# #.....
#.........##..........# ####.....
#.....................#..........
..>....P#.......................<
#......####.P.........#P###......
##+...## ##..##'###.##* #.....
P....#.# ###.#.##### #.....
P...#### ##....# ###... #..P#
#..@.## ##...P ...## ###r###
##...P# ...P### * #..+###### #
#.....# ..P...##
,*##...($..#*#.##...... .......#
#..#......#......... .......+ *
#.#...............#. .......# ,
.#.....S..######...# .......#*,
.+ ..P...# ##.## .......#* ##.,
P......* #...


You could see a porcupine (sleeping).

Vanquished Creatures
  A vault guard (D:13)
  4 hydras
  A death knight (D:12)
  3 catoblepae (Lair:8)
  15 death yaks
  A lindwurm (Lair:7)
  4 hill giants
  3 necromancers (D:13)
  3 wizards
  3 ugly things
  A deep elf mage (D:14)
  3 griffons
  A manticore (D:13)
  4 elephants
  Psyche (D:8)
  7 black mambas
  A centaur skeleton (D:14)
  4 spiny frogs
  A rime drake (Lair:8)
  2 komodo dragons
  5 polar bears
  2 slime creatures (D:13)
  3 two-headed ogres
  6 blink frogs (Lair:8)
  3 shadows
  3 wyverns
  A basilisk (Lair:3)
  11 yaks (Lair:8)
  2 wraiths (D:15)
  17 humans (D:13)
  A hippogriff (Lair:2)
  A hungry ghost (D:12)
  A mottled dragon (D:11)
  A soldier ant (D:13)
  7 porcupines
  6 water moccasins
  Purgy (Sewer)
  An eye of draining (Lair:8)
  7 orc warriors
  4 sky beasts
  A wasp (D:9)
  A black bear (D:12)
  An ice beast (D:11)
  A phantom (D:13)
  2 boggarts (D:10)
  7 ogres
  10 centaurs
  10 wolves
  11 crocodiles
  7 big kobolds
  11 giant frogs
  4 scorpions
  A troll zombie (D:15)
  9 wights
  14 killer bees
  6 howler monkeys
  4 crimson imps
  2 hounds
  2 centaur zombies
  4 human zombies (D:15)
  2 orc priests (D:11)
  3 gnoll shamans (D:12)
  2 jellies
  A human skeleton (D:15)
  4 iguanas
  6 worker ants
  3 orc wizards
  15 sheep
  2 hound skeletons
  2 mummies (D:15)
  A howler monkey zombie (D:7)
  8 gnolls (D:12)
  6 adders
  19 river rats
  A shadow imp (D:12)
  An adder zombie (D:9)
  An adder skeleton (D:8)
  A dart slug (D:1)
  2 giant geckos
  19 orcs
  4 giant cockroaches
  2 quokkas (D:7)
  2 ball pythons (Sewer)
  10 bats
  6 giant newts
  A goblin (D:1)
  A jackal zombie (D:6)
  20 kobolds
  An orc skeleton (D:15)
  A quokka skeleton (D:7)
  A quokka zombie (D:6)
  6 rats (D:9)
  2 fungi (D:12)
  A plant (D:12)
411 creatures vanquished.

Vanquished Creatures (collateral kills)
  Kirke (Lair:7)
  A crocodile (Lair:7)
  A sheep (D:6)
  A fungus (Lair:7)
4 creatures vanquished.

Vanquished Creatures (others)
  4 sheep (D:6)
  9 fungi
  2 plants (Lair:8)
15 creatures vanquished.

Grand Total: 430 creatures vanquished

Notes
Turn   | Place    | Note
--------------------------------------------------------------
     0 | D:1      | 4thArraOfDagon the Spriggan Enchanter began the quest for the Orb.
     0 | D:1      | Reached XP level 1. HP: 9/9 MP: 5/5
   177 | D:4      | Found an opulent altar of Gozag.
   215 | D:4      | Noticed a phantom
   271 | D:3      | Noticed an orc priest
   333 | D:2      | Noticed Natasha
   407 | D:1      | Reached XP level 2. HP: 12/13 MP: 6/6
   570 | D:4      | Became a worshipper of Gozag Ym Sagoz the Greedy
   576 | D:4      | Learned a level 2 spell: Ensorcelled Hibernation
   719 | D:5      | Entered Level 5 of the Dungeon
   767 | D:5      | Got a steaming wooden ring
   768 | D:5      | Identified the ring "Tiorhen" {MP+9 Str+5 Dex+3} (You found it on level 5 of the Dungeon)
   777 | D:5      | Noticed Eustachio
   818 | D:4      | Reached XP level 3. HP: 16/16 MP: 8/8
   863 | D:4      | Gained mutation: You are weak. (Str -2) [potion of mutation]
   863 | D:4      | Gained mutation: You passively map a small area around you. [potion of mutation]
   863 | D:4      | Gained mutation: You are clumsy. (Dex -2) [potion of mutation]
   864 | D:4      | Gained mutation: You are partially covered in icy blue scales (AC +1). [potion of mutation]
   864 | D:4      | Gained mutation: You are very clumsy. (Dex -4) [potion of mutation]
   906 | D:4      | Reached skill level 1 in Ice Magic
   922 | D:4      | Learned a level 3 spell: Confuse
   934 | D:4      | Noticed a scorpion
   951 | D:4      | Killed a scorpion
   951 | D:4      | Reached skill level 5 in Stealth
   951 | D:4      | Reached XP level 4. HP: 19/21 MP: 9/9
   967 | D:4      | Found a glowing drain.
   974 | Sewer    | Entered a sewer
  1028 | Sewer    | Noticed Purgy
  1042 | Sewer    | Killed Purgy
  1042 | Sewer    | Reached XP level 5. HP: 12/24 MP: 10/10
  1147 | D:5      | Found a sparkling altar of Nemelex Xobeh.
  1156 | D:5      | Noticed a sky beast
  1192 | D:6      | Reached skill level 5 in Hexes
  1192 | D:6      | Reached XP level 6. HP: 24/28 MP: 11/11
  1231 | D:6      | Found a shimmering altar of Xom.
  1263 | D:6      | Reached skill level 6 in Stealth
  1366 | D:7      | Found a shattered altar of Ashenzari.
  1381 | D:7      | Reached XP level 7. HP: 29/32 MP: 12/12
  1457 | D:7      | Found Ucleh's Book Emporium.
  1507 | D:7      | Found a basalt altar of Yredelemnul.
  1675 | D:8      | Reached skill level 5 in Short Blades
  1696 | D:8      | Reached skill level 7 in Stealth
  1714 | D:8      | Found a glowing golden altar of the Shining One.
  1869 | D:7      | Reached XP level 8. HP: 20/36 MP: 13/13
  2058 | D:8      | Noticed Psyche
  2059 | D:8      | Killed Psyche
  2059 | D:8      | Reached skill level 8 in Stealth
  2087 | D:8      | Found a snail-covered altar of Cheibriados.
  2115 | D:9      | Noticed a skeletal warrior
  2119 | D:10     | Entered Level 10 of the Dungeon
  2131 | D:10     | Reached skill level 9 in Stealth
  2174 | D:10     | ofc
  2215 | D:10     | Found Yvyo's General Store.
  2248 | D:10     | Bought a scroll of magic mapping for 45 gold pieces
  2326 | D:10     | Noticed a two-headed ogre
  2334 | D:10     | Killed a two-headed ogre
  2334 | D:10     | Reached XP level 9. HP: 39/39 MP: 13/14
  2383 | D:11     | Reached skill level 5 in Dodging
  2383 | D:11     | Reached skill level 10 in Stealth
  2631 | D:12     | Reached skill level 11 in Stealth
  2885 | D:13     | Reached XP level 10. HP: 24/44 MP: 3/17
  2887 | D:13     | Reached skill level 12 in Stealth
  2914 | D:13     | Found Namixaoc's Distillery.
  2925 | D:13     | Bought a potion of agility for 44 gold pieces
  2925 | D:13     | Bought a potion of magic for 88 gold pieces
  2925 | D:13     | Bought a potion of heal wounds for 55 gold pieces
  2925 | D:13     | Bought a potion of mutation for 27 gold pieces
  2925 | D:13     | Bought a potion of might for 44 gold pieces
  2925 | D:13     | Bought a potion of might for 44 gold pieces
  2925 | D:13     | Bought a potion of might for 44 gold pieces
  2925 | D:13     | Bought a potion of curing for 33 gold pieces
  2925 | D:13     | Bought a potion of resistance for 110 gold pieces
  2925 | D:13     | Bought 2 potions of haste for 220 gold pieces
  2925 | D:13     | Bought a potion of flight for 33 gold pieces
  2928 | D:13     | Gained mutation: You tend to lose your temper in combat. [potion of mutation]
  2928 | D:13     | Gained mutation: You are partially covered in rugged brown scales (AC +1, +3% HP). [potion of mutation]
  2928 | D:13     | Gained mutation: You regenerate slowly when monsters are visible. [potion of mutation]
  3097 | D:13     | Reached skill level 5 in Spellcasting
  3111 | D:13     | Reached skill level 10 in Short Blades
  3114 | D:13     | Reached skill level 13 in Stealth
  3140 | D:13     | Noticed a necromancer
  3140 | D:13     | Noticed a necromancer
  3184 | D:13     | Killed a necromancer
  3216 | D:13     | Noticed a white ugly thing
  3278 | D:13     | Killed a purple ugly thing
  3326 | D:13     | You fall through a shaft for 2 floors!
  3326 | D:15     | Entered Level 15 of the Dungeon
  3326 | D:15     | Found a staircase to the Depths.
  3326 | D:15     | Noticed a necromancer
  3326 | D:15     | Noticed a phantasmal warrior
  3326 | D:15     | Noticed a skeletal warrior
  3327 | D:15     | Noticed a skeletal warrior
  3359 | D:15     | Noticed a deep elf mage
  3364 | D:15     | Noticed a red ugly thing
  3376 | D:15     | Noticed a griffon
  3389 | D:14     | Lost mutation: You regenerate slowly when monsters are visible. [potion of cure mutation]
  3389 | D:14     | Lost mutation: You are weak. (Str -2) [potion of cure mutation]
  3389 | D:14     | Lost mutation: You tend to lose your temper in combat. [potion of cure mutation]
  3389 | D:14     | Lost mutation: You are partially covered in icy blue scales (AC +1). [potion of cure mutation]
  3389 | D:14     | Lost mutation: You are very clumsy. (Dex -4) [potion of cure mutation]
  3405 | D:14     | Noticed a deep elf mage
  3412 | D:14     | Killed a deep elf mage
  3412 | D:14     | Reached skill level 14 in Stealth
  3535 | D:15     | Reached XP level 11. HP: 48/48 MP: 21/21
  3547 | D:15     | Found a basalt altar of Yredelemnul.
  3633 | D:15     | Noticed a hill giant
  3636 | D:15     | Killed a hill giant
  3693 | D:15     | Killed a griffon
  3710 | D:15     | Noticed a red ugly thing
  3711 | D:15     | Noticed a red ugly thing
  3711 | D:15     | Noticed a red ugly thing
  3711 | D:15     | Noticed a red ugly thing
  3713 | D:15     | Noticed a red ugly thing
  3714 | D:15     | Noticed a centaur warrior
  3721 | D:15     | Killed a red ugly thing
  3737 | D:14     | Killed a red ugly thing
  3768 | D:14     | Noticed a fire dragon
  3786 | D:14     | Reached skill level 15 in Stealth
  3793 | D:14     | Noticed a six-headed hydra
  3795 | D:14     | Found a radiant altar of Vehumet.
  3809 | D:14     | Killed a six-headed hydra
  3869 | D:13     | Learned a level 1 spell: Apportation
  3872 | D:13     | Learned a level 2 spell: Blink
  3877 | D:13     | Learned a level 4 spell: Passage of Golubria
  3914 | D:13     | Killed a necromancer
  3917 | D:13     | Reached skill level 10 in Dodging
  3931 | D:13     | Noticed a necromancer
  3935 | D:13     | Noticed a vault guard
  3937 | D:13     | Noticed a wizard
  3937 | D:13     | Killed a vault guard
  3947 | D:13     | Killed a necromancer
  3951 | D:13     | Noticed a wizard
  3951 | D:13     | Found a gate to the Vaults.
  3955 | D:13     | Killed a wizard
  3955 | D:13     | Reached skill level 16 in Stealth
  3964 | D:13     | Killed a wizard
  4171 | D:13     | Noticed 4thArraOfDagon's ghost (journeyman NaFE)
  4232 | D:13     | Noticed a griffon
  4255 | D:13     | Noticed a six-headed hydra
  4261 | D:13     | Killed a six-headed hydra
  4261 | D:13     | Reached XP level 12. HP: 52/52 MP: 22/22
  4469 | D:12     | Noticed a death knight
  4534 | D:12     | Killed a death knight
  4534 | D:12     | Reached skill level 17 in Stealth
  5101 | D:10     | Learned a level 6 spell: Invisibility
  5818 | D:9      | Found a staircase to the Lair.
  5829 | Lair:1   | Entered Level 1 of the Lair of Beasts
  5918 | Lair:2   | Reached skill level 18 in Stealth
  6241 | Lair:1   | Noticed Duffy's ghost (journeyman FoNe)
  6391 | Lair:3   | Noticed a death yak
  6391 | Lair:3   | Noticed a death yak
  6412 | Lair:3   | Noticed a death yak
  6415 | Lair:3   | Noticed a death yak
  6421 | Lair:3   | Killed a death yak
  6431 | Lair:3   | Killed a death yak
  6431 | Lair:3   | Reached XP level 13. HP: 42/56 MP: 21/23
  6516 | Lair:3   | Found a staircase to the Swamp.
  6588 | Lair:4   | Found a white marble altar of Elyvilon.
  7055 | Lair:8   | Entered Level 8 of the Lair of Beasts
  7198 | Lair:7   | Noticed Kirke
  7270 | Lair:8   | Reached skill level 19 in Stealth
  7482 | Lair:7   | Killed Kirke
  7527 | Lair:7   | Reached skill level 10 in Hexes
  7634 | Lair:8   | Found a staircase to the Slime Pits.
  7634 | Lair:8   | Found a viscous altar of Jiyva.
  8182 | Lair:8   | Reached XP level 14. HP: 57/60 MP: 24/24
  8184 | Lair:8   | Reached skill level 20 in Stealth
  8184 | Lair:8   | Reached skill level 1 in Evocations
  8229 | Lair:8   | Identified the Tome of the Rocks and Summoning (You found it on level 8 of the Lair of Beasts)
  8232 | Lair:8   | Got a crude copper ring
  8235 | Lair:8   | Identified the ring "Zettuana" {+Blink +Fly Slay+3 SInv} (You found it on level 8 of the Lair of Beasts)
  8312 | Lair:8   | Reached skill level 15 in Short Blades
  8410 | Lair:7   | Found a white marble altar of Elyvilon.
  8528 | Lair:5   | Impaled on a porcupine's spines

Vault maps used:
D:1:      dpeg_arrival_shelter, grunt_decor_mini_mirrors, roderic_lattice_a,
          minmay_misc_feat_iff
D:2:      nicolae_overflow_hidden_temple, uniq_natasha, uniq_terence
D:3:      first_bread, kennysheep_generic_room_7
D:4:      grunt_gozag_breadcrumbs, lightli_sewer_entry_pipes
D:5:      kennysheep_mini_moat, kiku_gazebo_pond_becter, basic_altar,
          hangedman_ru_absence, uniq_duvessa, uniq_eustachio
D:6:      kb_xom_exploding_sheep, minmay_temple_entry_glassed_door,
          serial_shops, shop
D:7:      nicolae_ashenzari_panopticon, fedhas_altar_fruit_tree,
          lemuel_doored_altar, serial_shops, kennysheep_little_box
D:8:      cheibriados_altar_1, minmay_misc_feat_rows, grunt_livestock,
          nicolae_tso_carved_into_rock, uniq_psyche
D:9:      minmay_opposing_rooms, grunt_lair_entry_orc_guard_hut,
          minmay_orc_entry_temple_small, onia_ninara_dug_in_and_dangerous
D:10:     minmay_smoke_and_mirrors, serial_shops, nicolae_shop_waterfront,
          minmay_holes
D:11:     elyvilon_altar_1
D:12:     kennysheep_seaside_town
D:13:     grunt_vaults_entry_tiered, serial_shops, nicolae_shop_waterfront
D:14:     serial_shops, shop_fountains, basic_altar, stair_cage_open,
          item_on_display_a
D:15:     gammafunk_depths_entry_grave, lemuel_mausoleum_altar_yredelemnul
Lair:1:   grunt_megastairs_4
Lair:2:   grunt_megastairs_2
Lair:3:   swamp_mist_pool, st_stairs_11, minmay_stone_trees_small, uniq_urug
Lair:4:   basic_altar, infiniplex_staircase_pool, grunt_megastairs_1,
          uniq_josephine
Lair:5:   minmay_snake_entry_six_corridors
Lair:6:   minivault_19, grunt_forest_stairs_clearing
Lair:7:   basic_altar, beast_lair_carwin_10, serial_bayou_shore_b,
          serial_bayou_shore_a, serial_bayou_shore_b,
          infiniplex_staircase_pool_2, lemuel_fruit_tree, uniq_kirke
Lair:8:   evilmike_catoblepas_cave, slime_altar_1
Sewer:    sewer_co_purgy_island

Skill      XL: |  1  2  3  4  5  6  7  8  9 10 11 12 13 14 |
---------------+-------------------------------------------+-----
Short Blades   | 2 3 4 5 7 9 10 12 13 14 15 | 15.1
Hexes          | 4 5 6 7 8 11 | 11.3
Ice Magic      | 1 2 3 4 |  4.1
Stealth        | 5 6 7 9 11 14 16 18 19 20 | 20.1
Dodging        | 4 7 8 10 12 13 | 13.4
Spellcasting   | 4 6 |  6.1
Evocations     | 2 |  2.0

Action                   |  1- 3 |  4- 6 |  7- 9 | 10-12 | 13-15 || total
-------------------------+-------+-------+-------+-------+-------++-------
Melee: Dagger            |    33 |    29 |   206 |   131 |       ||   399
       Rapier            |       |       |       |   464 |   271 ||   735
 Cast: Ensorcelled Hiber |       |    12 |    67 |   122 |    56 ||   257
       Corona            |       |     2 |       |       |       ||     2
       Confuse           |       |     2 |     4 |    20 |     4 ||    30
       Invisibility      |       |       |       |     1 |     2 ||     3
Invok: Call Merchant     |       |       |       |     2 |       ||     2
Evoke: Wand              |       |       |       |     1 |     1 ||     2
       Box of beasts     |       |       |       |       |     1 ||     1
  Use: Scroll            |     3 |     1 |     4 |    10 |     8 ||    26
       Potion            |     2 |       |     1 |     6 |     1 ||    10
 Stab: Sleeping          |    11 |    11 |    49 |    99 |    55 ||   225
       Distracted        |       |     1 |     4 |     5 |     1 ||    11
       Confused          |       |       |     2 |     5 |     2 ||     9
       Paralysed         |       |       |       |     1 |       ||     1
       Invisible         |       |       |       |     4 |     3 ||     7
  Eat: Pizza             |       |       |     1 |     1 |       ||     2
       Bread ration      |       |       |     1 |       |       ||     1
       Fruit             |       |       |       |       |     9 ||     9
Armor: Robe              |    11 |     4 |     8 |    35 |     5 ||    63
       Troll leather arm |       |     1 |    15 |       |     8 ||    24
Dodge: Dodged            |    56 |    22 |   161 |   318 |   183 ||   740
